 Dungeon Sprint DCSS version 0.19.5 (webtiles) character file.

26107 Groucho the Imperceptible (level 12, 62/62 (65) HPs)
             Began as a Spriggan Berserker on May 3, 2017.
             Was a High Priest of Trog.
             Got out of the dungeon alive.
             The game lasted 00:22:22 (3502 turns).

Groucho the Imperceptible (Spriggan Berserker)      Turns: 3502, Time: 00:22:22

HP:   62/62 (65)    AC:  3    Str: 13    XL:     12   Next: 95%
MP:   4/4           EV: 36    Int: 10    God:    Trog [*****.]
Gold: 580           SH:  0    Dex: 19    Spells: 0 memorised, 11 levels left

rFire  + + .     SeeInvis +     c - +3 rapier (antimagic)
rCold  . . .     Gourm    .     q - +0 robe "Xaodeef" {rF++ Regen+}
rNeg   . . .     Faith    .     (shield restricted)
rPois  .         Spirit   +     (helmet restricted)
rElec  .         Reflect  .     H - +0 cloak
rCorr  .         Harm     .     (gloves unavailable)
MR     ++...     NoTele   +     (boots unavailable)
Stlth  +++++++++.               s - amulet of guardian spirit
                                J - ring of stealth
                                I - ring of flight

@: very quick
A: unfitting armour, hooves 1, see invisible, blink, herbivore 3, speed 3, frail
1, slow metabolism 2
a: Blink, Berserk, Trog's Hand, Brothers in Arms, Burn Spellbooks, Renounce
Religion, Evoke Flight


You escaped.
You worshipped Trog.
Trog was extremely pleased with you.
You were hungry.

You visited 1 branch You collected 3180 gold pieces.
You spent 2600 gold pieces at shops.

Inventory:

Hand Weapons
 a - a +0 short sword
 c - a +3 antimagic rapier (weapon)
 w - a +5 blowgun
 y - the +1 rapier of the Ship {pierce, *Rage rN+++ Dex-4 SInv}
   (Trog gifted it to you in the Dungeon)

   It inflicts extra damage upon your enemies.
   It affects your dexterity (-4).
   It renders you almost immune to negative energy.
   It lets you see invisible.
   It may make you go berserk in combat.
Missiles
 f - 4 tomahawks of dispersal
 i - 3 poisoned tomahawks (quivered)
 j - 19 curare-tipped needles
 k - 5 needles of sleeping
 p - 10 needles of confusion
 K - 3 silver tomahawks
Armour
 b - a +0 animal skin
 q - the +0 robe "Xaodeef" (worn) {rF++ Regen+}
   (You bought it in a shop in the Dungeon)

   It greatly protects you from fire.
   It increases your rate of regeneration.
 G - the +2 robe of the City {-Tele +Fly rCorr Dex+4}
   (You bought it in a shop in the Dungeon)

   It affects your dexterity (+4).
   It lets you fly.
   It prevents most forms of teleportation.
   It protects you from acid and corrosion.
 H - a +0 cloak (worn)
Jewellery
 s - an amulet of guardian spirit (around neck)
 I - a ring of flight (left hand)
 J - a ring of stealth (right hand)
Wands
 l - a wand of iceblast (5/15)
 x - a wand of paralysis (12/24)
Scrolls
 n - a scroll of summoning {unknown}
 o - a scroll of enchant armour {unknown}
 t - 2 scrolls of identify {unknown}
 v - 3 scrolls of enchant weapon {unknown}
Potions
 d - 6 potions of curing
 e - 3 potions of heal wounds
 g - 2 potions of magic
 h - a potion of berserk rage
 m - 2 potions of agility
 u - 2 potions of cancellation {unknown}
 z - a potion of cure mutation {unknown}
 C - a potion of might
 D - a potion of haste
 E - a potion of invisibility
 F - a potion of degeneration
Comestibles
 A - a slice of pizza


   Skills:
 + Level 13.1 Fighting
 + Level 16.3 Short Blades
 - Level 11.0 Throwing
 + Level 20.2 Dodging
 + Level 26.1 Stealth


You had 11 spell levels left.
You didn't know any spells.

Dungeon Overview and Level Annotations

Branches:
Dungeon (1/1)

Altars:
Cheibriados
Dithmenos
Elyvilon
Fedhas
Gozag
Hepliaklqana
Kikubaaqudgha
Makhleb
Nemelex Xobeh
Okawaru
Qazlal
Ru
Sif Muna
Trog
Uskayaw
Vehumet
Xom
Yredelemnul
Zin
The Shining One
Jiyva
Lugonu

Shops:
D *=:[*!(:}%?[*?![:=%[?(

Annotations:
D Lom Lobon


Innate Abilities, Weirdness & Mutations

You are very small and have problems with some larger weapons.
You are too small for most types of armour.
You have supernaturally acute eyesight. (SInv)
You are a herbivore.
You cover ground extremely quickly.
You need consume almost no food.
You have large cloven feet.
You can translocate small distances at will.
You are frail. (-10% HP)


Message History

a dagger; a robe
There is an open door here.
There is an open door here.
There is an open door here.
There is an open door here.
Things that are here:
a scythe; a robe
There is an open door here.
You see here a giant spiked club.
There is an open door here.
There is an open door here.
There is a staircase leading out of the dungeon here.
You can't go down here!
Are you sure you want to leave the Dungeon?
This will make you lose the game!
Alright, then stay!
Unknown command.
Unknown command.
Unknown command.
Are you sure you want to leave the Dungeon?
This will make you lose the game!
You have escaped!

##################
#@.#..'..#.)'..#__
#..'..#.)'..#..'..
#..#####'#####'#__
#..####..#...#.###
#..#__####..##.#≈§
#..#_____##'#..'§§
#⌠⌠#_.∩...'..._#§§
####_..__##_.#'##+
#_____###'#(#.(


There were no monsters in sight!

Vanquished Creatures
  A golden dragon (D)
  A deep elf master archer (D)
  A shadow dragon (D)
  A deep elf annihilator (D)
  A mummy priest (D)
  A hydra (D)
  2 centaur warriors (D)
  Sonja (D)
  5 unseen horrors (D)
  A deep troll (D)
  A lindwurm (D)
  2 oklob plants (D)
  4 shining eyes (D)
  A siren (D)
  2 gargoyles (D)
  2 kobold demonologists (D)
  A hellwing (D)
  4 demonic crawlers (D)
  2 hornets (D)
  A slime creature (D)
  Sigmund (D)
  2 redbacks (D)
  A yak (D)
  13 hogs (D)
  3 floating eyes (D)
  4 necrophages (D)
  An ogre (D)
  8 jellies (D)
  Ijyb (D)
  2 ballistomycetes (D)
  A ballistomycete spore (D)
72 creatures vanquished.

Vanquished Creatures (collateral kills)
  4 fire giants (D)
  2 unseen horrors (D)
  4 shining eyes (D)
  4 floating eyes (D)
  3 necrophages (D)
17 creatures vanquished.

Vanquished Creatures (others)
  the Lernaean hydra (D)
  A siren (D)
  3 hornets (D)
  A ballistomycete spore (D)
6 creatures vanquished.

Grand Total: 95 creatures vanquished

Notes
Turn   | Place    | Note
-------+----------+-------------------------------------------
     0 | D        | Groucho the Spriggan Berserker began the quest for the Orb.
     0 | D        | Reached XP level 1. HP: 11/11 MP: 2/2
     2 | D        | Noticed Ijyb
     8 | D        | Killed Ijyb
     8 | D        | Reached skill level 8 in Stealth
     8 | D        | Reached XP level 2. HP: 16/16 MP: 3/3
   141 | D        | Noticed an ogre
   143 | D        | Killed an ogre
   143 | D        | Reached skill level 13 in Stealth
   143 | D        | Reached XP level 3. HP: 19/19 MP: 4/4
   143 | D        | Reached XP level 4. HP: 23/23 MP: 5/5
   145 | D        | Noticed Sigmund
   148 | D        | Killed Sigmund
   148 | D        | Reached ** piety under Trog
   148 | D        | Reached skill level 17 in Stealth
   148 | D        | Reached XP level 5. HP: 27/27 MP: 6/6
   176 | D        | Found a deep blue altar of Sif Muna.
   178 | D        | Found a radiant altar of Vehumet.
   182 | D        | Reached skill level 18 in Stealth
   182 | D        | Reached XP level 6. HP: 32/32 MP: 7/7
   218 | D        | Found Makoh's Armour Emporium.
   218 | D        | Found an ancient bone altar of Kikubaaqudgha.
   218 | D        | Found a hazy altar of Hepliaklqana.
   218 | D        | Found a stormy altar of Qazlal.
   218 | D        | Found a hide-covered altar of Uskayaw.
   218 | D        | Found a blossoming altar of Fedhas.
   218 | D        | Found a bloodstained altar of Trog.
   218 | D        | Found an iron altar of Okawaru.
   218 | D        | Found a basalt altar of Yredelemnul.
   218 | D        | Found a glowing golden altar of the Shining One.
   218 | D        | Found a snail-covered altar of Cheibriados.
   218 | D        | Found a sacrificial altar of Ru.
   218 | D        | Found a glowing silver altar of Zin.
   218 | D        | Found a shadowy altar of Dithmenos.
   218 | D        | Found a white marble altar of Elyvilon.
   218 | D        | Noticed a yak
   219 | D        | Found an opulent altar of Gozag.
   220 | D        | Killed a yak
   221 | D        | Found a sparkling altar of Nemelex Xobeh.
   239 | D        | Found a burning altar of Makhleb.
   239 | D        | Found a shimmering altar of Xom.
   239 | D        | Noticed a slime creature
   240 | D        | Found a viscous altar of Jiyva.
   240 | D        | Found a corrupted altar of Lugonu.
   242 | D        | Killed a slime creature
   242 | D        | Reached *** piety under Trog
   242 | D        | Reached skill level 5 in Short Blades
   242 | D        | Reached XP level 7. HP: 38/38 MP: 8/8
   259 | D        | Noticed a kobold demonologist
   260 | D        | Noticed a kobold demonologist
   262 | D        | Reached skill level 19 in Stealth
   264 | D        | Killed a kobold demonologist
   264 | D        | Reached skill level 5 in Fighting
   266 | D        | Killed a kobold demonologist
   266 | D        | Reached **** piety under Trog
   266 | D        | Reached skill level 10 in Dodging
   266 | D        | Reached XP level 8. HP: 44/44 MP: 9/9
   286 | D        | Noticed a centaur warrior
   286 | D        | Noticed a centaur warrior
   287 | D        | Killed a centaur warrior
   287 | D        | Reached skill level 20 in Stealth
   289 | D        | Killed a centaur warrior
   289 | D        | Reached skill level 10 in Short Blades
   289 | D        | Reached skill level 21 in Stealth
   289 | D        | Reached XP level 9. HP: 51/51 MP: 10/10
   301 | D        | Received a gift from Trog
   314 | D        | Noticed an oklob plant
   316 | D        | Killed an oklob plant
   316 | D        | Reached ***** piety under Trog
   316 | D        | Reached skill level 1 in Throwing
   335 | D        | Received a gift from Trog
   643 | D        | Noticed an unseen horror
   643 | D        | Noticed an unseen horror
   659 | D        | Killed an unseen horror
   671 | D        | Killed an unseen horror
   671 | D        | Received a gift from Trog
   671 | D        | Reached XP level 10. HP: 47/57 MP: 11/11
   823 | D        | Received a gift from Trog
   924 | D        | Reached skill level 22 in Stealth
   955 | D        | Found Kyigat Kaaq's Book Shoppe.
   955 | D        | Found Fimoq's Antique Weapon Shop.
   955 | D        | Found Peivuotz's Gadget Boutique.
   957 | D        | Found Hasmipui's Food Emporium.
   957 | D        | Found Teuta's Magic Scroll Shop.
   957 | D        | Found Sarisoid's Antique Armour Shoppe.
   957 | D        | Found Deyniq's Assorted Antiques.
   957 | D        | Found Plog's Magic Scroll Emporium.
   957 | D        | Found Elizin's Distillery.
   957 | D        | Found Bomym's Armour Shoppe.
   963 | D        | Found Zanitzom's Book Boutique.
   964 | D        | Bought a bread ration for 50 gold pieces
   964 | D        | Found Jeuled's Food Emporium.
   964 | D        | Found Fakh's Jewellery Boutique.
   965 | D        | Found Uvvogh's Magic Scroll Emporium.
   966 | D        | Bought a fine robe for 153 gold pieces
   969 | D        | Bought a potion of flight for 36 gold pieces
   987 | D        | Identified the +0 robe "Xaodeef" {rF++ Regen+} (You bought it in a shop in the Dungeon)
  1027 | D        | Bought a royal jelly for 20 gold pieces
  1073 | D        | Noticed a deep troll
  1075 | D        | Killed a deep troll
  1075 | D        | Reached skill level 5 in Throwing
  1087 | D        | Found Lepu's Armour Emporium.
  1099 | D        | Noticed Sonja
  1102 | D        | Killed Sonja
  1118 | D        | Found Xeycuq's Assorted Antiques.
  1213 | D        | Noticed a shining eye
  1213 | D        | Noticed a shining eye
  1213 | D        | Noticed a shining eye
  1213 | D        | Noticed a shining eye
  1213 | D        | Noticed a shining eye
  1213 | D        | Noticed a shining eye
  1217 | D        | Reached skill level 15 in Dodging
  1219 | D        | Killed a shining eye
  1222 | D        | Killed a shining eye
  1224 | D        | Paralysed by a floating eye for 3 turns
  1224 | D        | Received a gift from Trog
  1224 | D        | Killed a shining eye
  1226 | D        | Killed a shining eye
  1229 | D        | Gained mutation: You are frail. (-10% HP) [a shining eye]
  1232 | D        | Killed a shining eye
  1233 | D        | Noticed a shining eye
  1233 | D        | Noticed a shining eye
  1235 | D        | Killed a shining eye
  1235 | D        | Reached skill level 10 in Fighting
  1239 | D        | Gained mutation: You can translocate small distances at will. [a shining eye]
  1242 | D        | Killed a shining eye
  1242 | D        | Received a gift from Trog
  1244 | D        | Killed a shining eye
  1244 | D        | Reached skill level 23 in Stealth
  1244 | D        | Reached XP level 11. HP: 53/53 MP: 4/12
  1247 | D        | Found Uneak's General Store.
  1247 | D        | Found Mova's Jewellery Shoppe.
  1247 | D        | Found Muozisa's Distillery.
  1247 | D        | Found Agawuedgh's Book Emporium.
  1267 | D        | Bought an uncursed amulet of guardian spirit for 330 gold pieces
  1465 | D        | Noticed a lindwurm
  1469 | D        | Killed a lindwurm
  1478 | D        | Reached ****** piety under Trog
  1509 | D        | Received a gift from Trog
  1526 | D        | Received a gift from Trog
  1803 | D        | Noticed a 12-headed hydra
  1805 | D        | Killed a 12-headed hydra
  1805 | D        | Received a gift from Trog
  1875 | D        | Noticed a shadow dragon
  1875 | D        | Noticed a golden dragon
  1879 | D        | Killed a shadow dragon
  1879 | D        | Reached skill level 24 in Stealth
  1881 | D        | Killed a golden dragon
  1881 | D        | Reached skill level 10 in Throwing
  1881 | D        | Reached XP level 12. HP: 60/60 MP: 4/13
  1946 | D        | Found Koca's Weapon Shoppe.
  2092 | D        | Bought a potion of beneficial mutation for 490 gold pieces
  2092 | D        | Gained mutation: You have large cloven feet. [potion of beneficial mutation]
  2097 | D        | Bought a potion of flight for 33 gold pieces
  2196 | D        | Noticed a daeva
  2205 | D        | Received a gift from Trog
  2209 | D        | Received a gift from Trog
  2209 | D        | Reached skill level 15 in Short Blades
  2209 | D        | Reached skill level 25 in Stealth
  2333 | D        | Noticed a fire giant
  2338 | D        | Noticed a fire giant
  2339 | D        | Noticed a fire giant
  2358 | D        | Killed a fire giant
  2360 | D        | Killed a fire giant
  2362 | D        | Killed a fire giant
  2362 | D        | Received a gift from Trog
  2582 | D        | Noticed a fire giant
  2598 | D        | Killed a fire giant
  2598 | D        | Received a gift from Trog
  2608 | D        | Killed the 27-headed Lernaean hydra
  2631 | D        | Got a twisted rapier {god gift}
  2632 | D        | Identified the +1 rapier of the Ship {pierce, *Rage rN+++ Dex-4 SInv} (Trog gifted it to you in the Dungeon)
  2666 | D        | Noticed a deep elf annihilator
  2745 | D        | Killed a deep elf annihilator
  2747 | D        | Noticed a mummy priest
  2769 | D        | Killed a mummy priest
  2778 | D        | Received a gift from Trog
  2905 | D        | Bought a slice of pizza for 21 gold pieces
  2905 | D        | Bought a fruit for 21 gold pieces
  2905 | D        | Bought a slice of pizza for 21 gold pieces
  2908 | D        | Bought a potion of might for 48 gold pieces
  2908 | D        | Bought a potion of haste for 120 gold pieces
  2908 | D        | Bought a potion of heal wounds for 60 gold pieces
  2908 | D        | Bought a potion of invisibility for 96 gold pieces
  2908 | D        | Bought a potion of degeneration for 12 gold pieces
  2908 | D        | Bought a potion of agility for 48 gold pieces
  2908 | D        | Bought a potion of curing for 36 gold pieces
  2927 | D        | Bought the +2 robe of the City {-Tele +Fly rCorr Dex+4} for 394 gold pieces
  2931 | D        | Bought a cloak for 121 gold pieces
  2945 | D        | Bought an uncursed ring of flight for 245 gold pieces
  2945 | D        | Bought an uncursed ring of stealth for 245 gold pieces
  3210 | D        | Noticed a deep elf master archer
  3221 | D        | Killed a deep elf master archer
  3221 | D        | Received a gift from Trog
  3221 | D        | Reached skill level 26 in Stealth
  3437 | D        | Noticed Lom Lobon
  3502 | D        | Got out of the dungeon alive.

Skill      XL: |  1  2  3  4  5  6  7  8  9 10 11 12 |
---------------+-------------------------------------+-----
Stealth        | 8 13 17 18 19 21 23 24 26 | 26.1
Fighting       | 4 6 7 8 10 11 13 | 13.1
Short Blades   | 5 8 10 11 12 14 16 | 16.3
Dodging        | 7 10 12 13 15 18 20 | 20.2
Throwing       | 3 7 10 11 | 11.0

Action                   |  1- 3 |  4- 6 |  7- 9 | 10-12 || total
-------------------------+-------+-------+-------+-------++-------
Melee: Short sword       |     5 |     4 |    14 |    47 ||    70
       Rapier            |       |       |       |   155 ||   155
       Kick              |       |       |       |    20 ||    20
 Fire: Blowgun           |       |       |       |     8 ||     8
Throw: Tomahawk          |       |       |       |     4 ||     4
Invok: Berserk           |     1 |       |     2 |    10 ||    13
       Brothers in Arms  |       |       |     1 |     8 ||     9
       Trog's Hand       |       |       |     1 |     5 ||     6
 Abil: Evoke Flight      |       |       |       |     3 ||     3
       Blink             |       |       |       |     1 ||     1
  Use: Potion            |       |       |     1 |     4 ||     5
       Scroll            |       |       |     1 |       ||     1
 Stab: Sleeping          |     1 |     4 |     8 |    23 ||    36
       Distracted        |       |       |       |     2 ||     2
  Eat: Bread ration      |       |       |       |     2 ||     2
       Royal jelly       |       |       |       |     1 ||     1
       Pizza             |       |       |       |     2 ||     2
       Fruit             |       |       |       |     1 ||     1
Armor: Robe              |       |       |       |     1 ||     1
Dodge: Dodged            |     3 |       |    13 |    91 ||   107
